 Dungeon Crawl Stone Soup version 0.19.1 (webtiles) character file.

5288 Kit the Blocker (level 10, -2/91 HPs)
             Began as a Minotaur Fighter on Dec 9, 2016.
             Was a High Priest of Okawaru.
             Slain by Urug
             ... wielding a +4 long sword of slicing
              (37 damage)
             ... on level 10 of the Dungeon.
             The game lasted 00:26:05 (9161 turns).

Kit the Blocker (Minotaur Fighter)                  Turns: 9161, Time: 00:26:06

Health: -2/91      AC: 12    Str: 29    XL:     10   Next: 37%
Magic:  9/9        EV: 11    Int:  5    God:    Okawaru [*****.]
Gold:   538        SH: 12    Dex: 10    Spells: 0 memorised, 9 levels left

rFire  . . .     SeeInvis +     a - +0 flail
rCold  . . .     Gourm    .     M - +0 chain mail {rPois}
rNeg   . . .     Faith    .     c - +0 shield
rPois  +         Spirit   .     (helmet restricted)
rElec  .         Reflect  .     m - +0 cloak
rCorr  .         Harm     .     (no gloves)
MR     ++...                    (no boots)
Stlth  ..........               (no amulet)
                                b - ring of see invisible
                                w - ring of protection from magic

@: mighty
A: retaliatory headbutt, horns 2, magic resistance 1
a: Heroism, Finesse, Renounce Religion


You were on level 10 of the Dungeon.
You worshipped Okawaru.
Okawaru was extremely pleased with you.
You were not hungry.

You visited 1 branch of the dungeon, and saw 10 of its levels.

You collected 594 gold pieces.
You spent 56 gold pieces at shops.

Inventory:

Hand Weapons
 a - a +0 flail (weapon)
Missiles
 J - 2 tomahawks of returning (quivered)
Armour
 c - a +0 shield (worn)
 m - a +0 cloak (worn)
 L - a +1 chain mail of magic resistance
 M - a +0 chain mail of poison resistance (worn)
Jewellery
 b - a ring of see invisible (right hand)
 w - a ring of protection from magic (left hand)
Wands
 C - a wand of slowing (18/48)
 E - a wand of flame (26/48)
 I - a wand of teleportation (6/9)
Scrolls
 g - 2 scrolls of fear
 i - 3 scrolls of remove curse {unknown}
 j - a scroll of magic mapping {unknown}
 n - 4 scrolls of amnesia {unknown}
 p - 2 scrolls of noise {unknown}
 s - 2 scrolls of blinking {unknown}
 t - 5 scrolls of teleportation {unknown}
 v - 2 scrolls of enchant armour {unknown}
 x - 2 scrolls of random uselessness {unknown}
 y - 2 scrolls of enchant weapon {unknown}
 B - a scroll of immolation {unknown}
 F - a scroll of vulnerability {unknown}
 N - a scroll of fog {unknown}
Potions
 d - a potion of mutation
 e - 3 potions of curing
 k - a potion of haste
 l - a potion of agility
 u - a potion of ambrosia
 z - a potion of cancellation
 D - a potion of brilliance
 H - a potion of flight {unknown}
Comestibles
 f - 8 bread rations
 h - 7 fruits
 q - 2 slices of pizza
 r - 7 meat rations
 G - 2 beef jerkies


   Skills:
 + Level 9.1 Fighting
 + Level 8.4 Maces & Flails
 + Level 9.1 Armour
 + Level 7.3 Dodging
 + Level 9.3 Shields


You had 9 spell levels left.
You didn't know any spells.

Dungeon Overview and Level Annotations

Branches:
Dungeon (10/15)            Temple (0/1) D:4            Lair (0/6) D:10
    Orc: D:9-12

Altars:
Dithmenos
Elyvilon
Fedhas
Gozag
Kikubaaqudgha
Okawaru
Ru
Sif Muna
Vehumet
Yredelemnul
Zin

Shops:
D:5 *

Annotations:
D:3 Philosophy's ghost, amateur FoFi
D:10 Urug


Innate Abilities, Weirdness & Mutations

You reflexively headbutt those who attack you in melee.
You have a pair of horns on your head.
You are resistant to hostile enchantments. (MR+)


Message History

You sock Urug!
Urug is lightly wounded.
Urug hits you but does no damage.
You barely miss Urug.
Urug is lightly wounded.
You hit Urug but do no damage.
Urug is lightly wounded.
Urug drinks a potion.
Urug seems to grow stronger.
You hit Urug.
Urug is moderately wounded.
Urug hits you with a long sword of slicing!
You feel very mighty all of a sudden. You block Urug's attack.
You barely miss Urug. You headbutt Urug!!
Urug is heavily wounded.
Urug hits you with a long sword of slicing!!
You thump Urug!
Urug is heavily wounded.
Urug hits you with a long sword of slicing!!!
You die...

###### #### $......### #..#
..........#### ##.#
..............## #..
.................## #..
...................# ##..
............o......# #...
.............@.....# #...
.........<.........# ##...
...>................#######....
...............................
..........(.............####...
........#..............####
#... ...[....#.(#..........##
#..# ........#(####......###
#..# ......[#..# ##..#### #..#


You could see Urug.

Vanquished Creatures
  Erica (D:8)
  The ghost of Philosophy the Shield-Bearer, a novice FoFi (D:6)
  A troll (D:9)
  A hippogriff (D:8)
  Prince Ribbit (D:7)
  2 hungry ghosts
  Duvessa (D:4)
  4 ice beasts
  3 orc warriors
  4 sky beasts
  3 ogres
  A necrophage (D:9)
  3 centaurs
  4 bullfrogs
  A gnoll sergeant (D:8)
  Blork the orc (D:4)
  Dowan (D:4)
  2 scorpions
  2 centaur zombies
  3 crimson imps (D:7)
  A bullfrog zombie (D:7)
  Crazy Yiuf (D:2)
  6 hounds
  A jelly (D:10)
  An orc priest (D:8)
  A bullfrog skeleton (D:8)
  6 orc wizards
  Natasha (thrice) (D:2 D:1)
  3 iguanas
  6 worker ants
  A hound skeleton (D:4)
  A worker ant zombie (D:7)
  Robin (D:2)
  7 gnolls
  8 adders
  2 shadow imps
  An ooze (D:1)
  An adder skeleton (D:7)
  An adder zombie (D:6)
  4 worms
  A dart slug (D:2)
  7 leopard geckos
  34 orcs
  A ball python (D:3)
  5 bats
  7 giant cockroaches
  9 goblins
  5 hobgoblins
  5 quokkas
  A ball python skeleton (D:4)
  6 frilled lizards
  A jackal skeleton (D:5)
  4 kobolds
  A leopard gecko skeleton (D:4)
  A quokka skeleton (D:4)
  A quokka zombie (D:8)
  6 rats
191 creatures vanquished.

Notes
Turn   | Place    | Note
-------+----------+-------------------------------------------
     0 | D:1      | Kit the Minotaur Fighter began the quest for the Orb.
     0 | D:1      | Reached XP level 1. HP: 19/19 MP: 0/0
    81 | D:1      | Reached XP level 2. HP: 25/27 MP: 1/1
   638 | D:2      | Reached XP level 3. HP: 23/33 MP: 2/2
   658 | D:2      | Noticed Natasha
   848 | D:2      | Killed Natasha
   848 | D:2      | Reached skill level 1 in Dodging
   952 | D:2      | Noticed Robin
   963 | D:2      | Killed Robin
   963 | D:2      | Reached XP level 4. HP: 39/40 MP: 3/3
  1139 | D:2      | Found a runed door.
  1173 | D:2      | Noticed Natasha
  1204 | D:1      | HP: 1/40 [Natasha (4)]
  1205 | D:1      | Killed Natasha
  1455 | D:1      | Noticed Natasha
  1464 | D:1      | Killed Natasha
  1464 | D:1      | Reached XP level 5. HP: 30/47 MP: 4/4
  1886 | D:2      | Noticed Crazy Yiuf
  1898 | D:2      | Killed Crazy Yiuf
  1957 | D:3      | Found a faded altar of an unknown god.
  1992 | D:3      | Found an ancient bone altar of Kikubaaqudgha.
  2196 | D:3      | Noticed Philosophy's ghost (amateur FoFi)
  2599 | D:3      | Reached skill level 5 in Armour
  2623 | D:3      | Found an opulent altar of Gozag.
  2628 | D:3      | Found Gozag's Platinum Reserve.
  2769 | D:4      | Found an iron altar of Okawaru.
  2769 | D:4      | Found a faded altar of an unknown god.
  2775 | D:4      | Found a faded altar of an unknown god.
  2779 | D:4      | Found a faded altar of an unknown god.
  2783 | D:4      | Became a worshipper of Warmaster Okawaru
  2788 | D:4      | Found a faded altar of an unknown god.
  2872 | D:4      | Found a staircase to the Ecumenical Temple.
  3106 | D:4      | Reached skill level 5 in Fighting
  3106 | D:4      | Reached XP level 6. HP: 14/56 MP: 5/5
  3426 | D:4      | Noticed Duvessa
  3427 | D:4      | Noticed Dowan
  3452 | D:4      | Killed Duvessa
  3452 | D:4      | Reached skill level 5 in Shields
  3454 | D:4      | Killed Dowan
  3503 | D:4      | Noticed Blork the orc
  3509 | D:4      | Killed Blork the orc
  3659 | D:4      | Reached XP level 7. HP: 49/61 MP: 6/6
  3670 | D:4      | Found a white marble altar of Elyvilon.
  3763 | D:4      | Found a glowing silver altar of Zin.
  3942 | D:5      | Entered Level 5 of the Dungeon
  3953 | D:5      | Reached * piety under Okawaru
  4078 | D:5      | Found Buluqah's Assorted Antiques.
  4262 | D:5      | Bought a scroll of identify for 56 gold pieces
  4526 | D:5      | Reached skill level 5 in Maces & Flails
  4534 | D:5      | Reached ** piety under Okawaru
  4534 | D:5      | Reached XP level 8. HP: 61/70 MP: 7/7
  4819 | D:5      | Found a sacrificial altar of Ru.
  5319 | D:6      | Noticed Philosophy's ghost (novice FoFi)
  5386 | D:6      | Killed Philosophy's ghost
  5386 | D:6      | Reached skill level 5 in Dodging
  5603 | D:6      | Found a radiant altar of Vehumet.
  5907 | D:7      | Noticed Prince Ribbit
  5915 | D:7      | Killed Prince Ribbit
  5915 | D:7      | Reached *** piety under Okawaru
  5915 | D:7      | Reached XP level 9. HP: 73/79 MP: 8/8
  6411 | D:7      | Received a gift from Okawaru
  6603 | D:8      | Gained mutation: You are resistant to hostile enchantments. (MR+) [potion of beneficial mutation]
  6693 | D:8      | Noticed a hill giant
  6694 | D:8      | Noticed Erica
  7064 | D:8      | Killed Erica
  7064 | D:8      | Reached **** piety under Okawaru
  7064 | D:8      | Reached XP level 10. HP: 47/90 MP: 9/9
  7886 | D:9      | Found a basalt altar of Yredelemnul.
  7886 | D:9      | Found a shadowy altar of Dithmenos.
  7967 | D:9      | Found a deep blue altar of Sif Muna.
  8201 | D:9      | Found a blossoming altar of Fedhas.
  8429 | D:9      | Reached ***** piety under Okawaru
  8662 | D:10     | Entered Level 10 of the Dungeon
  8723 | D:10     | Found a staircase to the Lair.
  8867 | D:10     | Noticed Urug
  9161 | D:10     | Slain by Urug

Skill      XL: |  1  2  3  4  5  6  7  8  9 10 |
---------------+-------------------------------+-----
Shields        | 4 5 6 7 8 9 |  9.3
Armour         | 4 5 6 7 8 9 |  9.1
Fighting       | 4 5 6 7 8 9 |  9.1
Dodging        | 1 2 3 4 5 6 7 |  7.3
Maces & Flails | 3 4 5 6 7 8 |  8.4

Action                   |  1- 3 |  4- 6 |  7- 9 | 10-12 || total
-------------------------+-------+-------+-------+-------++-------
Melee: Flail             |    98 |   159 |   352 |   129 ||   738
       Headbutt          |    13 |    29 |    63 |    32 ||   137
Throw: Tomahawk          |       |       |       |     5 ||     5
  Use: Potion            |       |     2 |     3 |     1 ||     6
       Scroll            |       |     6 |     4 |     1 ||    11
  Eat: Chunk             |       |     6 |    16 |     6 ||    28
       Fruit             |       |     4 |       |       ||     4
Armor: Scale mail        |    42 |    46 |   110 |     5 ||   203
       Chain mail        |       |       |       |    29 ||    29
Dodge: Dodged            |    33 |    55 |   112 |    30 ||   230
Block: Shield            |    42 |    83 |   174 |    82 ||   381
